 Dungeon Sprint DCSS version 0.30-a0-996-ga6910c8ee8 (webtiles) character file.

Game seed: 7599171255185411932

1507 ytrimaz the Brawler (level 8, -3/93 HPs)
             Began as a Troll Transmuter on Apr 5, 2023.
             Was an Initiate of Jiyva.
             Slain by a two-headed ogre
             ... wielding a +0 giant club
              (16 damage)
             ... in the Dungeon (Sprint IX: "|||||||||||||||||||||||||||||").
             The game lasted 00:00:56 (257 turns).

ytrimaz the Brawler (Troll Transmuter)               Turns: 257, Time: 00:00:57

Health: -3/93      AC:  6    Str: 19    XL:     8   Next: 52%
Magic:  8/9        EV: 11    Int: 11    God:    Jiyva [......]
Gold:   0          SH:  0    Dex: 10    Spells: 9/10 levels left

rFire   . . .      SeeInvis .      - Unarmed
rCold   . . .      Faith    .    (no shield)
rNeg    . . .      Spirit   .    a - +0 robe
rPois   .          Reflect  .    (helmet restricted)
rElec   .          Rampage  .    (no cloak)
rCorr   .          NoTele   +    (gloves unavailable)
Will    .....                    (boots unavailable)
Stlth   +                        (no amulet)
HPRegen 1.15/turn                l - +2 ring of protection
MPRegen 0.11/turn                k - +2 ring of evasion

@: no status effects
A: large, unfitting armour, claws 3, regeneration 1, shaggy fur 1, tough skin 1
a: Renounce Religion


You were in the Dungeon.
You worshipped Jiyva.
Jiyva was noncommittal.
You visited 1 branch


Innate Abilities, Weirdness & Mutations

You are too large for most types of armour.
You have claws for hands.
Your natural rate of healing is unusually fast.
You are covered in fur. (AC +1)
You have tough skin. (AC +1)


   Skills:
 - Level 10.0 Fighting
 - Level 1.5 Dodging
 - Level 15.0 Unarmed Combat
 + Level 1.8 Spellcasting
 + Level 2.1 Transmutations


You had 9 spell levels left.
You knew the following spells:

 Your Spells              Type           Power      Damage    Failure   Level
a - Beastly Appendage     Tmut           10%        N/A       13%         1

Your spell library contained the following spells:

 Spells                   Type           Power      Damage    Failure   Level
 Wereblood                Tmut           5%         N/A       19%         2
 Spider Form              Tmut/Pois      3%         N/A       50%         3
 Ice Form                 Ice/Tmut       3%         N/A       88%         4

Inventory:

Armour
 a - a +0 robe (worn)
Jewellery
 k - a +2 ring of evasion (right claw)
   (You found it in the Dungeon)
 l - a +2 ring of protection (left claw)
   (You found it in the Dungeon)
Wands
 j - a wand of iceblast (10)
   (You found it in the Dungeon)
Scrolls
 h - 2 scrolls of blinking
 i - 2 scrolls of amnesia
Potions
 b - a potion of invisibility
 c - 5 potions of curing
 d - a potion of heal wounds
 e - a potion of haste
 f - 4 potions of magic

Dungeon Overview and Level Annotations

Branches:
Dungeon (1/1) Zot: 27000

Altars:
Cheibriados
Dithmenos
Elyvilon
Fedhas
Gozag
Hepliaklqana
Kikubaaqudgha
Makhleb
Nemelex Xobeh
Okawaru
Qazlal
Ru
Sif Muna
Trog
Uskayaw
Vehumet
Wu Jian
Xom
Yredelemnul
Zin
The Shining One
Jiyva
Lugonu ▓▓▓▓▓▓▓▓▓▓▓▓▓▓▓▓▓▓▓▓▓▓▓▓ '..).[[[..')...§@Oyl†... ▓▓▓▓▓▓▓▓▓▓▓▓▓▓▓▓▓▓▓▓▓▓▓▓

You could see a two-headed ogre, a komodo dragon and a vampire mosquito.


Message History

You claw the deep elf pyromancer!
The deep elf pyromancer points at you and mumbles some strange words.
The bolt of fire misses you. 😮 HP[+1]
You closely miss the deep elf pyromancer.
The deep elf pyromancer gestures at you while chanting.
The bolt of fire hits you! 😮 HP[-10]
You take 10 damage, and now have 59/93 hp.
Unknown command.
You claw the deep elf pyromancer! 😮 HP[+1] Unknown command.
You closely miss the deep elf pyromancer.
The deep elf pyromancer misses you. 😮 HP[+1] Unknown command.
You closely miss the deep elf pyromancer.
The deep elf pyromancer casts a spell. 😮 HP[+1]
You barely miss the deep elf pyromancer.
The deep elf pyromancer hits you but does no damage.
Unknown command.
You barely miss the deep elf pyromancer.
The fire elemental hits you. The fire elemental burns you!
The fire elemental hits you. The fire elemental burns you!
* * * LOW HITPOINT WARNING * * *
😨 HP[-21]
You take 21 damage, and now have 41/93 hp.
MASSIVE DAMAGE!! (PAUSE)
You closely miss the deep elf pyromancer.
Your claw misses the deep elf pyromancer.
The deep elf pyromancer points at you and mumbles some strange words.
The bolt of fire hits you!!
* * * LOW HITPOINT WARNING * * *
The bolt of fire hits the fire elemental.
The fire elemental completely resists. 😱 HP[-26]
You take 26 damage, and now have 15/93 hp.
MASSIVE DAMAGE!! (PAUSE)
You claw the deep elf pyromancer!
You recover from your berserk rage.
The fire elemental hits you. The fire elemental burns you!
* * * LOW HITPOINT WARNING * * *
The deep elf pyromancer hits you but does no damage. 😱 HP[-11]
You take 11 damage, and now have 4/93 hp.
Unknown command.
You feel much better. The fire elemental hits you.
The fire elemental burns you!
* * * LOW HITPOINT WARNING * * *
The deep elf pyromancer hits you with a +0 rapier.
* * * LOW HITPOINT WARNING * * *
The fire elemental hits you. The fire elemental burns you!
* * * LOW HITPOINT WARNING * * *
😱 HP[+8]
You regained 8 hp, and now have 12/93 hp.
Unknown command.
You feel much better. The fire elemental hits you.
The fire elemental burns you!
* * * LOW HITPOINT WARNING * * *
The deep elf pyromancer hits you with a +0 rapier.
* * * LOW HITPOINT WARNING * * *
😨 HP[+22]
You regained 22 hp, and now have 34/93 hp.
Unknown command.
You scratch the deep elf pyromancer.
The fire elemental barely misses you. 😨 HP[+1] Unknown command.
You scratch the deep elf pyromancer.
The deep elf pyromancer hits you with a +0 rapier.
* * * LOW HITPOINT WARNING * * *
The fire elemental barely misses you. 😨 HP[-1]
You take 1 damage, and now have 34/93 hp.
Unknown command.
You claw the deep elf pyromancer!
You kill the deep elf pyromancer!
The fire elemental disappears in a puff of smoke!
Training target 15.0 for Unarmed Combat reached!
Your Unarmed Combat skill gained 2 levels and is now at level 15!
You need to enable at least one skill for training.
Your Transmutations skill increases to level 2! 😨 HP[+1] Unknown command.
You scratch the two-headed ogre.
The two-headed ogre hits you with a +0 giant club!!
* * * LOW HITPOINT WARNING * * *
The two-headed ogre completely misses you. 😱 HP[-18]
You take 18 damage, and now have 17/93 hp.
Unknown command.
You mangle the two-headed ogre!!
Your claw misses the two-headed ogre. 😱 HP[+1] Unknown command.
You claw the two-headed ogre! x2
The two-headed ogre hits you with a +0 giant club.
* * * LOW HITPOINT WARNING * * *
The two-headed ogre hits you with a +0 giant club!
You die...

Skill      XL: |  1  2  3  4  5  6  7  8 |
---------------+-------------------------+-----
Fighting       | 3 5 6 8 9 10 | 10.0
Unarmed Combat | 5 7 8 10 11 13 15 | 15.0
Transmutations | 2 |  2.1
Dodging        | |  1.5
Spellcasting   | |  1.8

Action                     |  1- 3 |  4- 6 |  7- 9 || total
---------------------------+-------+-------+-------++-------
  Melee: Unarmed           |    23 |    12 |    28 ||    63
         Punch             |     2 |     2 |     2 ||     6
         Headbutt          |       |     3 |     1 ||     4
         Kick              |       |     1 |       ||     1
   Cast: Beastly Appendage |       |     1 |       ||     1
    Use: Potion            |     1 |     1 |     2 ||     4
 Armour: Skin              |     4 |     2 |       ||     6
         Robe              |     1 |     1 |    10 ||    12
  Dodge: Dodged            |     3 |     5 |    10 ||    18

Levels and vault maps discovered:
D:        linesprint [early_d, line_temple, items_1, d_10, items_2, lair_1,
          lair_end, items_3, orc_1, orc_end, items_4, d_15, swamp_1, shoals_1,
          snake_1, spider_1, d_20, vaults_1, items_5, swamp_end, shoals_end,
          snake_end, spider_end, vaults_end, d_27, items_6, zot_1, zot_end,
          crypt_end, forest_end, elf_end, slime_end, tomb_end, abyss_end,
          pan_hell_end]

Notes
Turn   | Place    | Note
-------+----------+-------------------------------------------
     0 | D        | ytrimaz the Troll Transmuter began the quest for the Orb.
     0 | D        | Reached XP level 1. HP: 18/18 MP: 1/1
     0 | D        | magus.rc [v1.9.6]
     6 | D        | Reached skill level 1 in Fighting
    17 | D        | Reached skill level 2 in Fighting
    19 | D        | Reached skill level 4 in Unarmed Combat
   103 | D        | Noticed an iguana
   103 | D        | Noticed a phantom
   103 | D        | Noticed a phantom
   108 | D        | Killed an iguana
   109 | D        | Reached skill level 3 in Fighting
   109 | D        | Reached skill level 5 in Unarmed Combat
   109 | D        | Reached XP level 2. HP: 20/32 MP: 2/2
   109 | D        | Reached XP level 3. HP: 24/39 MP: 3/3
   114 | D        | Killed a phantom
   115 | D        | Reached skill level 5 in Fighting
   115 | D        | Reached skill level 7 in Unarmed Combat
   115 | D        | Reached XP level 4. HP: 39/50 MP: 4/4
   118 | D        | Killed a phantom
   119 | D        | Reached skill level 6 in Fighting
   119 | D        | Reached skill level 8 in Unarmed Combat
   119 | D        | Reached XP level 5. HP: 47/61 MP: 5/5
   152 | D        | Found a snail-covered altar of Cheibriados.
   152 | D        | Found a shadowy altar of Dithmenos.
   152 | D        | Found a white marble altar of Elyvilon.
   152 | D        | Found a blossoming altar of Fedhas.
   152 | D        | Found an opulent altar of Gozag.
   153 | D        | Found a hazy altar of Hepliaklqana.
   154 | D        | Found a viscous altar of Jiyva.
   155 | D        | Found an ancient bone altar of Kikubaaqudgha.
   156 | D        | Found a corrupted altar of Lugonu.
   157 | D        | Found a burning altar of Makhleb.
   158 | D        | Found a sparkling altar of Nemelex Xobeh.
   159 | D        | Found an iron altar of Okawaru.
   160 | D        | Found a stormy altar of Qazlal.
   161 | D        | Found a sacrificial altar of Ru.
   162 | D        | Became a worshipper of Jiyva Joanupp the Shapeless
   162 | D        | Killed a meliai
   163 | D        | Found a shimmering blue altar of Sif Muna.
   164 | D        | Found a bloodstained altar of Trog.
   165 | D        | Found a hide-covered altar of Uskayaw.
   165 | D        | Killed a yaktaur captain
   166 | D        | Found a radiant altar of Vehumet.
   166 | D        | Killed a slime creature
   167 | D        | Found an ornate altar of the Wu Jian Council.
   168 | D        | Found a shimmering altar of Xom.
   169 | D        | Found a basalt altar of Yredelemnul.
   169 | D        | Killed a great orb of eyes
   170 | D        | Found a glowing silver altar of Zin.
   171 | D        | Found a glowing golden altar of the Shining One.
   171 | D        | Killed a slime creature
   173 | D        | Killed a great orb of eyes
   173 | D        | Killed a slime creature
   181 | D        | Killed a yaktaur captain
   197 | D        | Noticed a troll
   197 | D        | Noticed a shadow
   197 | D        | Noticed a vampire mosquito
   197 | D        | Noticed a gargoyle
   197 | D        | Noticed a vampire mosquito
   205 | D        | Killed a troll
   206 | D        | Reached skill level 8 in Fighting
   206 | D        | Reached skill level 10 in Unarmed Combat
   206 | D        | Reached XP level 6. HP: 35/74 MP: 4/6
   206 | D        | Killed a shadow
   207 | D        | Reached skill level 9 in Fighting
   207 | D        | Reached skill level 11 in Unarmed Combat
   207 | D        | Reached XP level 7. HP: 40/83 MP: 4/7
   210 | D        | Killed a vampire mosquito
   217 | D        | Killed a gargoyle
   218 | D        | Reached skill level 10 in Fighting
   218 | D        | Reached skill level 13 in Unarmed Combat
   220 | D        | Killed a vampire mosquito
   221 | D        | Reached XP level 8. HP: 55/93 MP: 5/8
   240 | D        | Noticed a deep elf pyromancer
   240 | D        | Noticed a two-headed ogre
   240 | D        | Noticed a komodo dragon
   248 | D        | HP: 15/93 [deep elf pyromancer/bolt of fire (27)]
   249 | D        | HP: 4/93 [fire elemental[a deep elf pyromancer] (12)]
   254 | D        | Killed a deep elf pyromancer
   255 | D        | Reached skill level 15 in Unarmed Combat
   255 | D        | Reached skill level 2 in Transmutations
   255 | D        | HP: 17/93 [two-headed ogre/+0 giant club (18)]
   257 | D        | Slain by a two-headed ogre

Vanquished Creatures
  A deep elf pyromancer (D)
  A gargoyle (D)
  A troll (D)
  A shadow (D)
  2 vampire mosquitoes (D)
  2 phantoms (D)
  An iguana (D)
  An orc wizard (D)
  An adder (D)
  A dart slug (D)
  3 hobgoblins (D)
  A quokka (D)
  A rat (D)
17 creatures vanquished.

Vanquished Creatures (others)
  2 great orbs of eyes (D)
  2 yaktaur captains (D)
  A meliai (shapeshifter) (D)
  3 slime creatures (D)
8 creatures vanquished.

Grand Total: 25 creatures vanquished

Table legend:
 A = Non-vault XP
 B = Vault XP
 C = Vault XP percentage of total XP
 D = Non-vault monster count
 E = Vault monster count
 F = Vault count percentage of total count
                 A         B        C        D         E       F
            +---------+---------+-------+---------+---------+-------
      Total |       0 |    2153 | 100.0 |       0 |      17 | 100.0
            +---------+---------+-------+---------+---------+-------
          D |       0 |    2153 | 100.0 |       0 |      17 | 100.0
            +---------+---------+-------+---------+---------+-------

Illustrated notes

Table legend:
 A = Kills in this place as a percentage of kills in the entire game.
 B = Kills by you in this place as a percentage of kills by you in the entire game.
 C = Kills by friends in this place as a percentage of kills by friends in the entire game.
 D = Other kills in this place as a percentage of other kills in the entire game.
 E = Experience gained in this place as a percentage of experience gained in the entire game.
 F = Experience gained in this place divided by the number of levels of this place that you have seen.
                   A       B       C       D       E      F
               +-------+-------+-------+-------+-------+----------------------
         Total | 100.0 | 100.0 |   N/A |   N/A | 100.0 | 2153.0
       Dungeon | 100.0 | 100.0 |   N/A |   N/A | 100.0 | 2153.0
               +-------+-------+-------+-------+-------+----------------------

Table legend: (Time is in decaauts)
 A = Elapsed time spent in this place.
 B = Non-inter-level travel time spent in this place.
 C = Inter-level travel time spent in this place.
 D = Time resting spent in this place.
 E = Time spent auto-exploring this place.
 F = Levels seen in this place.
 G = Mean time per level.
                   A        B        C        D        E       F      G
               +--------+--------+--------+--------+--------+-----+--------+
         Total |    248 |    248 |      0 |    126 |      3 |   1 |  248.0 |
       Dungeon |    248 |    248 |      0 |    126 |      3 |   1 |  248.0 |
               +--------+--------+--------+--------+--------+-----+--------+

Top non-repeatable levels by time:
       D: 248 daAuts
